 Dungeon Crawl Stone Soup version 0.20.0-15-g7f486f2 (webtiles) character file.

76981 Inarius the Geomancer (level 15, 0/84 HPs)
             Began as a Gargoyle Earth Elementalist on June 23, 2017.
             Was the Champion of Hepliaklqana.
             Slain by a two-headed ogre
             ... wielding a +0 giant spiked club
              (9 damage)
             ... on level 13 of the Dungeon.
             The game lasted 02:25:31 (32623 turns).

Inarius the Geomancer (GrEE)                       Turns: 32623, Time: 02:25:33

Health: 0/84       AC: 25    Str: 14    XL:     15   Next: 55%
Magic:  4/30       EV: 12    Int: 20    God:    Hepliaklqana [******]
Gold:   2699       SH:  9    Dex: 15    Spells: 1/36 levels left

rFire    . . .     SeeInvis .   s - +6 war axe (distort)
rCold    . . .     Gourm    .   V - +0 shield
rNeg     + . .     Faith    .   a - +0 acid dragon scales
rPois    ∞         Spirit   .   (helmet restricted)
rElec    +         Reflect  .   (no cloak)
rCorr    +         Harm     .   A - +1 pair of gloves of Shadows and Fog {Dex+3}
MR       +....     Clarity  +   H - +1 pair of boots
Stlth    ++........             C - amulet of magic regeneration
Regen    0.3/turn               n - ring of wizardry
MPRegen  0.4/turn               (no ring)

@: very slightly contaminated
A: reduced essence, big wings, horns 2, yellow scales 1, agile 1, clarity,
negative energy resistance 1, electricity resistance, unbreathing, evolution 1,
petrification resistance, rot immunity, AC +11
a: Fly, Recall Ancestor, Ancestor Identity, Transference, Idealise, Renounce
Religion


You were on level 13 of the Dungeon.
You worshipped Hepliaklqana.
Hepliaklqana was exalted by your worship.
You were hungry.

You visited 4 branches of the dungeon, and saw 22 of its levels.
You also visited: Ossuary and Bailey.

You collected 2763 gold pieces.
You spent 64 gold pieces at shops.

Inventory:

Hand Weapons
 s - a +6 war axe of distortion (weapon)
 G - the +5 mace "Gutag" {drain, +Inv rC+ Str+5 Int+3}
   (You took it off an orc warrior on level 12 of the Dungeon)

   A truly terrible weapon, it drains the life of those it strikes.
   It affects your strength (+5).
   It affects your intelligence (+3).
   It protects you from cold.
   It lets you turn invisible.
Armour
 a - +0 acid dragon scales (worn)
 k - a +1 helmet
 y - a +2 helmet
 A - the +1 pair of gloves of Shadows and Fog (worn) {Dex+3}
   (You found it on level 12 of the Dungeon)

   It affects your dexterity (+3).
 H - a +1 pair of boots (worn)
 J - a +1 helmet of see invisible
 V - a +0 shield (worn)
Jewellery
 e - an uncursed ring of see invisible
 n - a ring of wizardry (left hand)
 u - an uncursed ring of wizardry
 C - an amulet of magic regeneration (around neck)
 Q - the amulet "Uleoklir" {Reflect SH+3 Stlth+}
   (You found it on level 4 of the Lair of Beasts)

   [amulet of reflection]

   It shields you and reflects attacks.
   It affects your SH (+3).
   It makes you more stealthy.
 R - an uncursed amulet of regeneration
Wands
 o - a wand of confusion (16/48)
 r - a wand of disintegration (7/24)
 x - a wand of scattershot (1/9)
 L - a wand of polymorph (16/24)
 M - a wand of acid (7/15)
 T - a wand of scattershot (2/9)
 U - a wand of digging (12/24)
Scrolls
 c - 4 scrolls of fear
 d - 4 scrolls of teleportation
 f - 2 scrolls of immolation
 l - 2 scrolls of silence {unknown}
 m - 3 scrolls of enchant armour
 q - 2 scrolls of magic mapping
 t - 2 scrolls of blinking
 z - 4 scrolls of remove curse
 B - 5 scrolls of recharging
 E - a scroll of fog
 P - a scroll of amnesia
Potions
 b - 2 potions of ambrosia {unknown}
 j - 8 potions of lignification
 p - 8 potions of curing
 v - 6 potions of heal wounds
 w - 6 potions of agility
 F - a potion of brilliance
 I - 2 potions of mutation
 K - 2 potions of resistance
 X - a potion of magic
 Y - a potion of haste
 Z - 2 potions of might {unknown}
Books
 W - a book of Power

   Spells                             Type                      Level
   a - Iskenderun's Battlesphere      Conjuration/Charms           5
   b - Venom Bolt                     Conjuration/Poison           5
   c - Bolt of Magma                  Conjuration/Fire/Earth       5
   d - Iron Shot                      Conjuration/Earth            6
   e - Orb of Destruction             Conjuration                  7
   f - Spellforged Servitor           Conjuration/Summoning        7
Miscellaneous
 D - a lamp of fire
Comestibles
 g - 8 meat rations
 h - 13 chunks of flesh
 i - 6 bread rations
 N - 10 fruits
 O - 22 royal jellies


   Skills:
 + Level 11.0 Fighting
   Level 1.6 Long Blades
 - Level 3.0 Axes
 + Level 8.0 Armour
 + Level 5.4 Dodging
 - Level 2.1 Stealth
 - Level 5.0 Shields
 + Level 11.1 Spellcasting
 + Level 13.0 Conjurations
 + Level 3.1 Charms
 + Level 2.4 Necromancy
 - Level 4.7 Transmutations
 + Level 13.5 Earth Magic
 * Level 5.0 Invocations
 * Level 4.7 Evocations


You had one spell level left.
You knew the following spells:

 Your Spells              Type           Power        Failure   Level  Hunger
b - Stone Arrow           Conj/Erth      ######       1%          3    None
c - Lee's Rapid Deconstr  Erth           ######....   1%          5    ####...
d - Passwall              Tmut/Erth      #####.....   1%          2    None
e - Petrify               Tmut/Erth      #####...     2%          4    ##.....
f - Regeneration          Chrm/Necr      ###.......   12%         3    None
g - Orb of Destruction    Conj           ######....   41%         7    #######
h - Iron Shot             Conj/Erth      ######....   8%          6    ######.
i - Iskenderun's Battles  Conj/Chrm      #####...     12%         5    ####...


Dungeon Overview and Level Annotations

Branches:
Dungeon (13/15)            Temple (1/1) D:4            Lair (6/6) D:9
  Swamp (0/4) Lair:4        Snake (0/4) Lair:3        Slime (0/5) Lair:6
    Orc (2/2) D:12            Elf (0/3) Orc:2
 Vaults: D:13-14

Altars:
Ashenzari
Cheibriados
Fedhas
Hepliaklqana
Makhleb
Nemelex Xobeh
Okawaru
Qazlal
Sif Muna
Trog
Uskayaw
Vehumet
Xom
Yredelemnul
Zin
The Shining One
Jiyva

Shops:
D:6 [   Orc:2 ((}?


Innate Abilities, Weirdness & Mutations

You are resistant to torment.
Your stone body is resilient. (AC +11)
You are immune to poison.
Your large and strong wings let you fly indefinitely.
You resist negative energy. (rN+)
You are resistant to electric shocks. (rElec)
You can survive without breathing.
You are immune to petrification.
You are immune to rotting.
Your life essence is reduced. (-10% HP)
You have a pair of horns on your head.
You are partially covered in yellow scales. (AC +2)
You are agile. (Dex +2)
You possess an exceptional clarity of mind.
You evolve.


Message History

The two-headed ogre hits you with a giant spiked club!
The two-headed ogre hits you with a giant club!
* * * LOW HITPOINT WARNING * * *
Unknown command.
Casting: Iron Shot
Confirm with . or Enter, or press ? or * to list all spells.
Aiming: Petrify
Press: ? - help, Shift-Dir - straight line, f/p - two-headed ogre
Aim: a two-headed ogre, wielding a giant spiked club and a giant club (heavily wounded, chance to defeat MR: 53%)
The two-headed ogre is moving more slowly.
The two-headed ogre hits you with a giant spiked club.
* * * LOW HITPOINT WARNING * * *
The two-headed ogre hits you with a giant club!
* * * LOW HITPOINT WARNING * * *
Onaxys hits the two-headed ogre with a broad axe of flaming!
Onaxys burns the two-headed ogre.
Onaxys hits the two-headed ogre with a broad axe of flaming.
Onaxys burns the two-headed ogre.
The two-headed ogre hits you with a giant spiked club!
You die...

###########################
...........................
...............##...(.....#
......)........##.........#
.....)...R.....##..........
).##.....O............##...
..........@(.#####....##.##
##'########### #.......#.
.. ######+##. . #. #. ##
###. ÷........#. ........#.


You could see the friendly Onaxys the knight and a two-headed ogre (petrifying).

Vanquished Creatures
  Kirke (D:12)
  5 hydras
  3 centaur warriors
  5 two-headed ogres
  2 death yaks (Lair:2)
  4 orc high priests (Orc:2)
  Nergalle (Lair:2)
  The ghost of Quirk the Carver, a novice VSFi of Okawaru (D:8)
  3 orc knights
  Pikel (D:4)
  A deep elf mage (D:12)
  An oklob plant (Lair:2)
  2 ugly things (D:11)
  2 cyclopes
  2 black mambas
  3 elephants (Lair:5)
  3 torpor snails
  5 spiny frogs
  8 komodo dragons
  9 polar bears
  3 trolls
  A hornet (D:11)
  3 tyrant leeches (Lair:4)
  Prince Ribbit (D:8)
  12 blink frogs
  6 slime creatures
  3 raiju (Lair:6)
  2 dream sheep (Lair:2)
  6 hippogriffs
  A wyvern (D:8)
  37 yaks
  Sigmund (D:3)
  2 hogs (D:12)
  2 basilisks
  2 hungry ghosts
  4 wargs
  An acid dragon (D:11)
  7 porcupines
  9 water moccasins
  13 hell hounds (Lair:6)
  38 orc warriors
  2 ice beasts
  3 sky beasts
  10 black bears
  A phantom (D:13)
  2 slaves (D:4)
  4 ogres
  11 wolves
  7 centaurs
  8 crocodiles
  A big kobold (D:8)
  A gnoll sergeant (Orc:1)
  11 bullfrogs
  A wyvern skeleton (D:7)
  A scorpion (D:6)
  2 water moccasin skeletons
  3 killer bees (D:11)
  2 jellies
  A vampire bat (D:10)
  7 wights
  4 electric eels (D:10)
  A howler monkey (D:5)
  A bullfrog zombie (Ossuary)
  5 crimson imps
  A quasit (D:10)
  3 centaur zombies (Ossuary)
  33 orc priests
  4 hounds
  A centaur skeleton (D:5)
  11 orc wizards
  2 bullfrog skeletons
  Natasha (thrice) (D:3)
  4 iguanas
  7 worker ants
  4 ogre zombies (D:12)
  2 hound zombies
  A hound skeleton (D:4)
  14 mummies
  3 worker ant zombies
  A howler monkey zombie (Ossuary)
  6 adders
  6 gnolls
  A shadow imp (D:11)
  2 adder skeletons
  2 worms
  2 dart slugs
  3 leopard geckos
  61 orcs
  10 bats
  6 giant cockroaches
  3 goblins
  6 hobgoblins
  7 jackals
  14 kobolds
  4 quokkas
  4 frilled lizards
  A giant cockroach zombie (Ossuary)
  A goblin skeleton (D:12)
  3 goblin zombies (D:12)
  2 hobgoblin skeletons (D:12)
  2 hobgoblin zombies
  A leopard gecko skeleton (D:3)
  2 leopard gecko zombies
  An orc skeleton (D:12)
  10 orc zombies (D:12)
  A quokka zombie (Ossuary)
  8 rats
  A butterfly (Lair:4)
  4 fungi
  4 plants
577 creatures vanquished.

Vanquished Creatures (collateral kills)
  Snorg (D:13)
  An ettin (Orc:2)
  A two-headed ogre (D:13)
  A death yak (Lair:2)
  An orc high priest (Orc:2)
  4 orc knights
  A manticore (D:11)
  2 ugly things
  4 spiny frogs
  The ghost of Paps the Chopper, a novice DsGl of Gozag (D:5)
  2 komodo dragons
  2 trolls
  3 slime creatures
  A tyrant leech (Lair:4)
  A dream sheep (Lair:2)
  4 hippogriffs
  A raiju (Lair:6)
  18 yaks
  A wyvern (D:11)
  A hog (D:12)
  A basilisk (Lair:3)
  A hungry ghost (D:12)
  4 water moccasins
  2 wargs (Lair:6)
  4 porcupines
  4 black bears
  14 orc warriors
  An ice beast (D:10)
  3 sky beasts
  An eye of draining (D:10)
  A phantom (D:7)
  A necrophage (D:10)
  2 ogres
  3 wolves (Lair:6)
  A hornet zombie (Ossuary)
  4 centaurs
  2 crocodiles
  A big kobold (D:9)
  6 bullfrogs
  2 scorpions
  A killer bee (D:11)
  A wight (D:6)
  5 bullfrog zombies
  A crimson imp (D:10)
  3 hounds
  3 centaur skeletons
  2 orc priests (Orc:2)
  2 bullfrog skeletons
  8 worker ants
  3 iguanas
  An orc wizard (D:6)
  An ogre zombie (D:12)
  A hound zombie (D:5)
  A hound skeleton (D:5)
  A mummy (Ossuary)
  An adder (D:7)
  A shadow imp (D:12)
  An adder skeleton (D:5)
  2 worms
  2 leopard geckos
  16 orcs
  A ball python (D:7)
  A giant cockroach (D:5)
  A bat (D:10)
  A hobgoblin zombie (D:5)
  A jackal zombie (Ossuary)
  A leopard gecko skeleton (D:6)
  An orc zombie (D:12)
  2 quokka skeletons
  2 rats (D:5)
  4 plants
181 creatures vanquished.

Vanquished Creatures (others)
  3 spiny frogs
  A polar bear (Lair:6)
  2 yaks
  2 water moccasins
  An orc warrior (D:12)
  A slave (D:4)
  A phantom (D:12)
  A crocodile (Lair:4)
  9 knights
  An ogre zombie (D:12)
  5 ancestors
  2 adders (D:2)
  An ooze (D:2)
  A worm (D:2)
  A dart slug (D:4)
  An orc (Orc:1)
  A frilled lizard (D:2)
  2 kobolds (D:2)
  A bush (D:7)
  14 fungi
  24 plants
  3 withered plants (Ossuary)
78 creatures vanquished.

Grand Total: 836 creatures vanquished

Notes
Turn   | Place    | Note
-------+----------+-------------------------------------------
     0 | D:1      | Inarius the Gargoyle Earth Elementalist began the quest for the Orb.
     0 | D:1      | Reached XP level 1. HP: 10/10 MP: 3/3
   352 | D:1      | Reached XP level 2. HP: 3/16 MP: 0/5
   895 | D:1      | Reached skill level 1 in Fighting
   895 | D:1      | Reached XP level 3. HP: 19/20 MP: 3/6
  1588 | D:2      | Learned a level 3 spell: Stone Arrow
  2820 | D:2      | Found a stormy altar of Qazlal.
  2969 | D:3      | Reached XP level 4. HP: 8/25 MP: 3/7
  3260 | D:3      | Noticed Natasha
  3305 | D:3      | Killed Natasha
  3305 | D:3      | Reached XP level 5. HP: 25/30 MP: 3/9
  3345 | D:3      | Noticed Natasha
  3350 | D:3      | Killed Natasha
  3448 | D:3      | Reached skill level 5 in Earth Magic
  3581 | D:3      | Noticed Natasha
  3690 | D:3      | Killed Natasha
  3857 | D:3      | Reached skill level 1 in Conjurations
  3857 | D:3      | Reached XP level 6. HP: 33/36 MP: 4/10
  3971 | D:3      | Noticed Sigmund
  3992 | D:3      | Killed Sigmund
  4119 | D:3      | Found a sparkling altar of Nemelex Xobeh.
  4294 | D:3      | Found a burning altar of Makhleb.
  4295 | D:3      | Found a radiant altar of Vehumet.
  4317 | D:3      | Reached skill level 1 in Armour
  4317 | D:3      | Reached XP level 7. HP: 41/41 MP: 1/12
  4528 | D:3      | Learned a level 5 spell: Lee's Rapid Deconstruction
  4531 | D:3      | Learned a level 2 spell: Passwall
  4950 | D:4      | Reached skill level 1 in Transmutations
  5144 | D:4      | Found a glowing golden altar of the Shining One.
  5146 | D:4      | Found a snail-covered altar of Cheibriados.
  5293 | D:4      | Found a glowing silver altar of Zin.
  5334 | D:4      | Noticed Pikel
  5353 | D:4      | Killed Pikel
  5353 | D:4      | Reached skill level 1 in Long Blades
  5353 | D:4      | Reached XP level 8. HP: 40/48 MP: 2/13
  5697 | D:4      | Found a staircase to the Ecumenical Temple.
  5706 | Temple   | Entered the Ecumenical Temple
  5749 | Temple   | Became a worshipper of Hepliaklqana the Forgotten
  5828 | D:5      | Entered Level 5 of the Dungeon
  5866 | D:5      | Noticed Paps's ghost (novice DsGl)
  6001 | D:5      | Found a sand-covered staircase.
  6028 | Ossuary  | Entered an ossuary
  6609 | Ossuary  | Reached XP level 9. HP: 47/47 MP: 13/16
  6757 | D:5      | Noticed a moth of wrath
  6843 | D:5      | Found a bloodstained altar of Trog.
  6963 | D:5      | Killed Paps's ghost
  6963 | D:5      | Reached skill level 5 in Fighting
  6963 | D:5      | Reached skill level 5 in Spellcasting
  7143 | D:5      | Learned a level 4 spell: Petrify
  7780 | D:5      | Reached * piety under Hepliaklqana
  8198 | D:6      | Found a shimmering altar of Xom.
  8323 | D:6      | Found an iron altar of Okawaru.
  8364 | D:6      | Reached skill level 5 in Conjurations
  8387 | D:6      | Found Hackomoa's Armour Shop.
  9542 | D:7      | Found a blossoming altar of Fedhas.
  9549 | D:7      | Reached XP level 10. HP: 46/54 MP: 6/19
  9618 | D:7      | Found a blossoming altar of Fedhas.
  9682 | D:7      | Found a flagged portal.
  9683 | D:7      | Reached ** piety under Hepliaklqana
  9684 | D:7      | Remembered your ancestor Onaxys as a knight
  9741 | Bailey   | Entered a bailey
  9804 | Bailey   | Noticed an orc knight
 10141 | D:7      | Killed an orc knight
 10729 | D:7      | Learned a level 3 spell: Regeneration
 10928 | D:8      | Reached skill level 5 in Armour
 10936 | D:8      | Noticed Quirk's ghost (novice VSFi)
 10939 | D:7      | Gained mutation: You evolve. [mutagenic meat]
 10940 | D:7      | Gained mutation: Your mind is acute. (Int +2) [mutagenic meat]
 10941 | D:7      | Gained mutation: You have a pair of small horns on your head. [mutagenic meat]
 10942 | D:7      | Gained mutation: You are partially covered in yellow scales. (AC +2) [mutagenic meat]
 11031 | D:7      | Identified a scroll of acquirement
 11075 | D:8      | Killed Quirk's ghost
 11122 | D:8      | Noticed a two-headed ogre
 11129 | D:8      | Killed a two-headed ogre
 11187 | D:8      | You fall through a shaft for 3 floors!
 11187 | D:11     | Noticed a cyan ugly thing
 11189 | D:11     | Noticed a two-headed ogre
 11193 | D:10     | Entered Level 10 of the Dungeon
 11295 | D:9      | Found a staircase to the Lair.
 11378 | D:9      | Got a black opal-encrusted chain mail
 11394 | D:9      | Identified the cursed +1 chain mail of Yredelemnul's Esteem {+Inv} (You found it on level 9 of the Dungeon)
 11421 | D:9      | Noticed a two-headed ogre
 11553 | D:9      | Reached XP level 11. HP: 58/60 MP: 10/22
 11650 | D:9      | Reached *** piety under Hepliaklqana
 12034 | D:8      | Learned a level 3 spell: Ozocubu's Armour
 12101 | D:8      | Found a hide-covered altar of Uskayaw.
 12324 | D:8      | Noticed Prince Ribbit
 12355 | D:8      | Reached skill level 10 in Earth Magic
 12584 | D:8      | Killed Prince Ribbit
 13160 | D:8      | Gained mutation: You possess an exceptional clarity of mind. [evolution]
 13398 | D:9      | Reached **** piety under Hepliaklqana
 13943 | D:9      | Reached skill level 1 in Evocations
 14038 | D:9      | Killed a two-headed ogre
 14739 | D:10     | Noticed a two-headed ogre
 14768 | D:10     | Killed a two-headed ogre
 14768 | D:10     | Reached skill level 1 in Invocations
 15578 | D:11     | Noticed a cyclops
 15807 | D:11     | Killed a cyclops
 15807 | D:11     | Reached XP level 12. HP: 60/65 MP: 6/24
 15957 | D:11     | Reached skill level 10 in Conjurations
 17329 | Lair:1   | Entered Level 1 of the Lair of Beasts
 17512 | Lair:1   | Reached ***** piety under Hepliaklqana
 18455 | Lair:2   | Noticed Nergalle
 18466 | Lair:2   | Killed Nergalle
 18713 | Lair:2   | Noticed a death yak
 18723 | Lair:2   | Banished a death yak
 18784 | Lair:2   | Noticed a death yak
 18785 | Lair:2   | Noticed a death yak
 18785 | Lair:2   | Noticed a death yak
 18816 | Lair:2   | Killed a death yak
 19115 | Lair:2   | Killed a death yak
 19115 | Lair:2   | Reached XP level 13. HP: 62/71 MP: 11/26
 19702 | Lair:2   | Gained mutation: You have a pair of horns on your head. [evolution]
 20054 | Lair:3   | Reached skill level 1 in Charms
 20054 | Lair:3   | Reached skill level 1 in Necromancy
 20513 | Lair:3   | Found a glowing golden altar of the Shining One.
 21114 | Lair:3   | Learned a level 6 spell: Iron Shot
 21165 | Lair:3   | Found a staircase to the Snake Pit.
 21437 | Lair:4   | Got a steaming lead amulet
 21441 | Lair:4   | Identified the amulet "Uleoklir" {Reflect SH+3 Stlth+} (You found it on level 4 of the Lair of Beasts)
 21529 | Lair:4   | Found a staircase to the Swamp.
 21939 | Lair:4   | Reached ****** piety under Hepliaklqana
 22505 | Lair:4   | Lost mutation: Your mind is acute. (Int +2) [evolution]
 23674 | Lair:5   | Reached skill level 1 in Axes
 23701 | Lair:5   | Gained mutation: Your large and strong wings let you fly indefinitely. [Gargoyle growth]
 23701 | Lair:5   | Reached XP level 14. HP: 58/78 MP: 4/27
 24082 | Lair:6   | Entered Level 6 of the Lair of Beasts
 24426 | Lair:6   | Reached skill level 10 in Spellcasting
 24620 | Lair:6   | Reached skill level 5 in Dodging
 24758 | Lair:6   | Reached skill level 10 in Fighting
 26495 | Lair:6   | Found a staircase to the Slime Pits.
 26505 | Lair:6   | Found a viscous altar of Jiyva.
 27280 | D:12     | Found a shattered altar of Ashenzari.
 27685 | D:12     | Noticed Kirke
 27727 | D:12     | Noticed a sphinx
 28296 | D:12     | Found a staircase to the Orcish Mines.
 28874 | D:12     | Killed Kirke
 29032 | D:11     | Reached XP level 15. HP: 54/83 MP: 10/29
 29127 | D:12     | Got an uncursed crude executioner's axe {holy}
 29200 | D:12     | Got a dazzling mace {drain}
 29356 | D:12     | Found an iron altar of Okawaru.
 29424 | D:12     | Got a pair of ichor-stained gloves
 29435 | D:12     | Identified the +1 pair of gloves of Shadows and Fog {Dex+3} (You found it on level 12 of the Dungeon)
 29625 | D:12     | Gained mutation: You are agile. (Dex +2) [evolution]
 29892 | Orc:1    | Entered Level 1 of the Orcish Mines
 30531 | Orc:2    | Entered Level 2 of the Orcish Mines
 30864 | Orc:2    | Reached skill level 1 in Shields
 31302 | Orc:2    | Found a staircase to the Elven Halls.
 31631 | Orc:2    | Reached skill level 5 in Shields
 32065 | Orc:2    | Found Uliron's Magic Scroll Shoppe.
 32065 | Orc:2    | Found Joasul's Antique Weapon Shoppe.
 32066 | Orc:2    | Found Yzexupt's Gadget Shoppe.
 32066 | Orc:2    | Found Velykhlu's Antique Weapon Emporium.
 32090 | Orc:2    | Learned a level 7 spell: Orb of Destruction
 32096 | Orc:2    | Learned a level 5 spell: Iskenderun's Battlesphere
 32210 | D:13     | Noticed Snorg
 32230 | D:13     | Killed Snorg
 32351 | Orc:2    | Bought a scroll of identify for 32 gold pieces
 32351 | Orc:2    | Bought a scroll of identify for 32 gold pieces
 32351 | Orc:2    | Identified the +5 mace "Gutag" {drain, +Inv rC+ Str+5 Int+3} (You took it off an orc warrior on level 12 of the Dungeon)
 32352 | Orc:2    | Identified the +4 executioner's axe of the Fool {holy, rPois Int-5 Dex+6} (You took it off an orc warrior on level 12 of the Dungeon)
 32617 | D:13     | Reached skill level 5 in Invocations
 32623 | D:13     | Slain by a two-headed ogre

Skill      XL: |  1  2  3  4  5  6  7  8  9 10 11 12 13 14 15 |
---------------+----------------------------------------------+-----
Earth Magic    | 4 5 7 8 9 10 11 12 13 | 13.5
Fighting       | 1 2 3 4 6 7 8 9 10 11 | 11.0
Dodging        | 2 3 4 5 |  5.4
Spellcasting   | 3 4 6 7 8 9 10 11 | 11.1
Conjurations   | 1 2 3 4 5 7 9 11 12 13 | 13.0
Armour         | 1 2 3 4 5 6 7 8 |  8.0
Transmutations | 2 4 |  4.7
Long Blades    | 1 |  1.6
Evocations     | 2 3 4 |  4.7
Invocations    | 2 3 4 5 |  5.0
Charms         | 2 3 |  3.1
Necromancy     | 2 |  2.4
Axes           | 1 2 3 |  3.0
Shields        | 5 |  5.0
Stealth        | |  2.1

Action                   |  1- 3 |  4- 6 |  7- 9 | 10-12 | 13-15 || total
-------------------------+-------+-------+-------+-------+-------++-------
Melee: Dagger            |   174 |    44 |       |       |       ||   218
       Short sword       |       |    42 |    39 |       |       ||    81
       Long sword        |       |       |    43 |     8 |       ||    51
       Whip              |       |       |   212 |   292 |       ||   504
       Headbutt          |       |       |       |    45 |   114 ||   159
       War axe           |       |       |       |    94 |   591 ||   685
 Cast: Sandblast         |    13 |    19 |    57 |    37 |       ||   126
       Stone Arrow       |     2 |    19 |    52 |   235 |   273 ||   581
       Lee's Rapid Decon |       |       |     3 |     2 |    64 ||    69
       Petrify           |       |       |       |     2 |    66 ||    68
       Iron Shot         |       |       |       |       |    29 ||    29
       Regeneration      |       |       |       |       |    25 ||    25
Invok: Ancestor Identity |       |       |     1 |       |       ||     1
       Recall Ancestor   |       |       |       |    10 |     5 ||    15
       Ancestor Life: Kn |       |       |       |     1 |       ||     1
Evoke: Wand              |       |       |       |       |     1 ||     1
  Use: Scroll            |       |     4 |     7 |    16 |    16 ||    43
       Potion            |       |       |     6 |     4 |     2 ||    12
 Stab: Distracted        |     1 |       |     2 |     3 |     2 ||     8
       Sleeping          |     1 |       |       |     1 |       ||     2
       Invisible         |       |       |     1 |       |       ||     1
       Petrified         |       |       |       |       |    53 ||    53
       Petrifying        |       |       |       |       |     5 ||     5
  Eat: Chunk             |     5 |     6 |     4 |    24 |    58 ||    97
       Royal jelly       |     1 |       |     1 |       |       ||     2
       Bread ration      |       |       |     4 |     2 |     2 ||     8
       Fruit             |       |       |       |     2 |     5 ||     7
Armor: Robe              |    67 |    10 |       |       |       ||    77
       Leather armour    |       |    39 |       |       |       ||    39
       Ring mail         |       |     4 |   162 |       |       ||   166
       Scale mail        |       |       |     7 |   100 |       ||   107
       Chain mail        |       |       |       |   233 |       ||   233
       Acid dragon scale |       |       |       |    85 |   421 ||   506
Dodge: Dodged            |   121 |    79 |   209 |   255 |   503 ||  1167
Block: Other             |       |       |       |       |    26 ||    26
       Shield            |       |       |       |       |    47 ||    47
       Rpst.: Long sword |       |       |    11 |     1 |       ||    12
